 Dungeon Crawl Stone Soup version 0.18-a0-1196-g09327cf (webtiles) character file.

173 abixa the Slasher (level 5, -1/34 HPs)
             Began as a Halfling Gladiator on Jan 29, 2016.
             Slain by an orc wizard
             ... wielding a +0 dagger
              (2 damage)
             ... on level 2 of the Dungeon.
             The game lasted 00:09:24 (2655 turns).

abixa the Slasher (Halfling Gladiator)              Turns: 2655, Time: 00:09:24

Health: -1/34      AC:  7    Str: 15    XL:     5   Next: 83%
Magic:  5/5        EV: 10    Int:  7    God:
Gold:   134        SH:  7    Dex: 16    Spells: 0 memorised, 4 levels left

rFire  . . .     SeeInvis .     a - +0 long sword
rCold  . . .     Gourm    .     u - +0 scale mail
rNeg   . . .     Faith    .     v - +0 shield (curse)
rPois  .         Spirit   .     c - +0 helmet
rElec  .         Dismiss  .     (no cloak)
rCorr  .         Reflect  .     (no gloves)
SustAt .         Harm     .     (no boots)
MR     .....     Rnd*Tele +     (no amulet)
Stlth  ..........               l - ring of flight
                                i - ring of teleportation (curse)

@: not resistant to hostile enchantments, extremely unstealthy
A: mutation resistance 1
a: Evoke Flight


You were on level 2 of the Dungeon.
You were not hungry.

You visited 1 branch of the dungeon, and saw 3 of its levels.

You collected 134 gold pieces.

Inventory:

Hand Weapons
 a - a +0 long sword (weapon)
 o - a +0 antimagic short sword
Missiles
 d - 3 throwing nets
 g - 47 stones (quivered)
 q - 14 sling bullets
 w - 12 bolts
Armour
 b - a +0 leather armour
 c - a +0 helmet (worn)
 u - a +0 scale mail (worn)
 v - a cursed +0 shield (worn)
Jewellery
 i - a cursed ring of teleportation (left hand)
 l - a ring of flight (right hand)
 n - an uncursed ring of positive energy {unknown}
Scrolls
 e - 4 scrolls of identify {unknown}
 j - a scroll of immolation {unknown}
 k - 3 scrolls of enchant weapon {unknown}
 s - a scroll of recharging {unknown}
 y - a scroll of random uselessness {unknown}
 z - a scroll of teleportation {unknown}
Potions
 h - a potion of magic {unknown}
 m - a potion of flight {unknown}
 t - a potion of brilliance {unknown}
Miscellaneous
 p - a plain deck of changes
Comestibles
 f - 4 bread rations
 r - a meat ration
 x - 2 fruits


   Skills:
 + Level 1.7 Fighting
 + Level 6.0 Long Blades
 - Level 2.1 Throwing
 + Level 0.0 Armour
 - Level 3.2 Dodging


You had 4 spell levels left.
You didn't know any spells.

Dungeon Overview and Level Annotations

Branches:
Dungeon (3/15)

Altars:
Elyvilon
Nemelex Xobeh
Vehumet
Zin
The Shining One


Innate Abilities, Weirdness & Mutations

You are small and have problems with some larger weapons.
You are somewhat resistant to further mutation.


Message History

You miss something. Something hits you but does no damage.
You block something's attack.
You closely miss something. Something hits you but does no damage.
You closely miss something. You block something's attack.
You hit something but do no damage.
You hear some strange, mumbled words.
A puff of flame appears from out of thin air!
The puff of flame hits you!
* * * LOW HITPOINT WARNING * * *
You barely miss something. Something hits you but does no damage.
You block something's attack.
You miss something. Something hits you but does no damage.
You closely miss something. Something hits you but does no damage.
You closely miss something.
You hear some strange, mumbled words.
A magic dart appears from out of thin air!
The magic dart hits you!
* * * LOW HITPOINT WARNING * * *
You miss something. Something hits you.
You die...

...######.........<# ####.#
#..........##......# #####.#
#......[...##.#.##.# #..)..#
#..........#..#....## #.....#
#...................## #....##
#....................#######.....
#....................#.....#...##
#..........###.#######.....#.รท.##
#..........# ###@{...'.._..#...#.
#..........###.#######.....#.....
######.......#.......#.....#...##
#........#.......#######...##
#...#........_.....#.#.##..##
##..##....##.....###...##.##.
####...##....####........##...##
##....#.......# #.####........#_
...######.....####.#..........>##


There were no monsters in sight!

Vanquished Creatures
  An orc wizard (D:2)
  Ijyb (D:3)
  4 adders
  An ooze (D:1)
  5 worms
  A giant gecko (D:2)
  3 orcs
  A giant cockroach (D:2)
  7 goblins
  4 hobgoblins
  6 jackals
  9 kobolds
  9 bats
  6 giant newts
  7 rats
65 creatures vanquished.

Notes
Turn   | Place    | Note
--------------------------------------------------------------
     0 | D:1      | abixa the Halfling Gladiator began the quest for the Orb.
     0 | D:1      | Reached XP level 1. HP: 14/14 MP: 1/1
   103 | D:1      | Reached XP level 2. HP: 9/19 MP: 2/2
   546 | D:1      | Reached skill level 4 in Long Blades
   546 | D:1      | Reached XP level 3. HP: 16/24 MP: 3/3
  1260 | D:2      | Reached XP level 4. HP: 14/29 MP: 4/4
  1704 | D:2      | Found a white marble altar of Elyvilon.
  1704 | D:2      | Found a glowing silver altar of Zin.
  1704 | D:2      | Found a glowing golden altar of the Shining One.
  1831 | D:2      | Reached skill level 5 in Long Blades
  2073 | D:2      | Found a sparkling altar of Nemelex Xobeh.
  2262 | D:3      | Noticed Ijyb
  2278 | D:3      | Killed Ijyb
  2278 | D:3      | Reached XP level 5. HP: 30/34 MP: 5/5
  2289 | D:3      | Found a radiant altar of Vehumet.
  2520 | D:2      | Found a glowing silver altar of Zin.
  2640 | D:2      | Reached skill level 6 in Long Blades
  2654 | D:2      | HP: 1/34 [something/magic dart (7)]
  2655 | D:2      | Slain by an orc wizard

Vault maps used:
D:1:      matt_arrival_refuge, minmay_quantized
D:2:      lemuel_upstairs_altar, good_gods_mini_temple, nemelex_deck
D:3:      vehumet_crystals, amethyst_overflow_temple_binary, first_bread,
          uniq_iyjb

Action                   |  1- 3 |  4- 6 || total
-------------------------+-------+-------++-------
Melee: Long sword        |   105 |   163 ||   268
Throw: Stone             |       |    31 ||    31
  Eat: Chunk             |     1 |     5 ||     6
